 Dungeon Crawl Stone Soup version 0.29.1-13-g9f3cf754e1 (webtiles) character file.

Game seed: 17485805482049540021

160 Thatpatchoflichen the Trooper (level 5, -1/46 HPs)
             Began as a Mummy Delver on Jan 20, 2023.
             Slain by a black bear (2 damage)
             ... on level 5 of the Dungeon.
             The game lasted 00:02:00 (606 turns).

Thatpatchoflichen the Trooper (Mummy Delver)         Turns: 606, Time: 00:02:01

Health: -1/46      AC:  8    Str: 17    XL:     5   Next: 17%
Magic:  5/5        EV:  7    Int: 10    God:
Gold:   24         SH:  0    Dex: 13    Spells: 4/4 levels left

rFire   x . .      SeeInvis .   f - +2 spear (venom)
rCold   + . .      Faith    .   (no shield)
rNeg    + + +      Spirit   .   g - +0 chain mail
rPois   ∞          Reflect  .   (no helmet)
rElec   .          Harm     .   (no cloak)
rCorr   .          Rampage  .   (no gloves)
Will    .....                   (no boots)
Stlth   ..........              (no amulet)
HPRegen 0.15/turn               (no ring)
MPRegen 0.09/turn               (no ring)

@: no status effects
A: cold resistance 1, negative energy resistance 3, torment resistance 2, heat
vulnerability 1, in touch with death 1, no potions
a: no special abilities


You were on level 5 of the Dungeon.
You visited 1 branch of the dungeon, and saw 1 of its levels.

You collected 24 gold pieces.

Inventory:

Hand Weapons
 f - a +2 spear of venom (weapon)
Armour
 a - a +0 leather armour
 g - a +0 chain mail (worn)
Wands
 e - a wand of digging (3)
Scrolls
 b - a scroll of fog
 c - a scroll of magic mapping
 d - a scroll of fear


   Skills:
 + Level 5.9 Fighting
 - Level 1.5 Dodging
 - Level 4.1 Stealth
 - Level 1.5 Unarmed Combat


You had 4 spell levels left.
You didn't know any spells.
Your spell library was empty.

Dungeon Overview and Level Annotations

Branches:
Dungeon (5/15)
 Temple: D:4-7

Altars:

Annotations:
D:5 3 runed translucent doors, Dvallin's ghost, weakling KoDe


Innate Abilities, Weirdness & Mutations

You are immune to poison.
Your flesh is cold resistant. (rC+)
You are immune to negative energy. (rN+++)
You are immune to unholy pain and torment.
You are vulnerable to heat. (rF-)
You are in touch with the powers of death.
You do not drink.


Message History

The orc is heavily wounded.
The orc barely misses you.
You hit the orc.
You kill the orc!
You closely miss the black bear. The black bear barely misses you.
The black bear claws you.
The black bear claws you but does no damage.
You closely miss the black bear. The black bear closely misses you.
The black bear claws you but does no damage.
The black bear barely misses you.
You hit the black bear.
The black bear is poisoned.
The black bear is lightly wounded.
The black bear bites you.
The black bear claws you but does no damage.
The black bear barely misses you.
You puncture the black bear!
The black bear looks as sick as possible!
The black bear is heavily wounded.
The black bear barely misses you. The black bear claws you.
* * * LOW HITPOINT WARNING * * *
The black bear claws you but does no damage.
The black bear bites you.
* * * LOW HITPOINT WARNING * * *
The black bear claws you but does no damage.
The black bear claws you.
* * * LOW HITPOINT WARNING * * *
The black bear attacks as you move away!
The black bear bites you but does no damage.
The black bear barely misses you.
The black bear claws you but does no damage.
The black bear goes berserk!
The black bear rages.
The black bear attacks as you move away!
The black bear closely misses you.
The black bear claws you but does no damage.
The black bear closely misses you. The black bear bites you!
* * * LOW HITPOINT WARNING * * *
The black bear claws you.
You die...

#########.# ### ..........#
#.+......# .........# #.#......#
## .....#..# #.#......# #.
#.....##.# #.#......#####.
#####....... #.#......#.....
=........##########.#......#.....
.........)..o..h@...#.....>#.....
.........######.........##.#.....
.......$.+ #.........##.#.....
.........# #............'.....
.........# #..........#.#.....
....>##### #..........#.......
..... #........).###..... .....
#..................
#.........#####....


You could see a black bear (berserk, very poisoned) and an orc.

Vanquished Creatures
  A scorpion (D:5)
  A necrophage (D:5)
  An iguana (D:5)
  An adder (D:5)
  3 orcs (D:5)
7 creatures vanquished.

Vanquished Creatures (others)
  4 plants (D:5)
4 creatures vanquished.

Grand Total: 11 creatures vanquished

Notes
Turn   | Place    | Note
-------+----------+-------------------------------------------
     0 | D:5      | Thatpatchoflichen the Mummy Delver began the quest for the
                  | Orb.
     0 | D:5      | Reached XP level 1. HP: 18/18 MP: 1/1
     3 | D:5      | Noticed a scorpion
    25 | D:5      | Found a runed translucent gate.
    25 | D:5      | Found a runed translucent gate.
    25 | D:5      | Found a runed translucent gate.
    25 | D:5      | Noticed a kobold brigand
    34 | D:5      | Noticed Dvallin's ghost (weakling KoDe)
   100 | D:5      | Noticed an iguana
   104 | D:5      | Killed an iguana
   105 | D:5      | Reached skill level 4 in Fighting
   105 | D:5      | Reached XP level 2. HP: 1/25 MP: 2/2
   167 | D:5      | Noticed a necrophage
   425 | D:5      | Killed a scorpion
   426 | D:5      | Reached skill level 5 in Fighting
   426 | D:5      | Gained mutation: You are in touch with the powers of death.
                  | [Mummy growth]
   426 | D:5      | Reached XP level 3. HP: 25/33 MP: 3/3
   426 | D:5      | Reached XP level 4. HP: 30/39 MP: 4/4
   435 | D:5      | Killed a necrophage
   436 | D:5      | Reached XP level 5. HP: 30/46 MP: 5/5
   578 | D:5      | Noticed a black bear
   606 | D:5      | HP: 1/46 [black bear (8)]
   606 | D:5      | Slain by a black bear

Illustrated notes

Levels and vault maps discovered:
D:5:      layout_basic, gammafunk_ghost_nasty_kobolds, uniq_blork_the_orc,
          uniq_ijyb

Skill      XL: |  1  2 |
---------------+-------+-----
Fighting       | 4 5 |  5.9
Dodging        | |  1.5
Stealth        | |  4.1
Unarmed Combat | |  1.5

Action                   |  1- 3 |  4- 6 || total
-------------------------+-------+-------++-------
Melee: Spear             |     9 |    26 ||    35
       Punch             |       |     1 ||     1
Armor: Chain mail        |     3 |    17 ||    20
Dodge: Dodged            |     5 |    14 ||    19
